 Dungeon Crawl Stone Soup version 0.26-a0-284-g73c0fb6129 (webtiles) character file.

Game seed: 8537593639333121867

12875 BritishOli the Fighter (level 11, 0/90 HPs)
             Began as a Demonspawn Fighter on July 13, 2020.
             Was a High Priest of Okawaru.
             Impaled on a porcupine's spines (5 damage)
             ... on level 1 of the Lair of Beasts.
             The game lasted 00:15:46 (13589 turns).

BritishOli the Fighter (Demonspawn Fighter)        Turns: 13589, Time: 00:15:46

Health: 0/90       AC: 20    Str: 31    XL:     11   Next: 68%
Magic:  0/11       EV:  7    Int:  5    God:    Okawaru [*****.]
Gold:   459        SH: 13    Dex: 15    Spells: 10/10 levels left

rFire    + . .     SeeInvis .   H - +2 scimitar (distort)
rCold    + + .     Faith    .   c - +0 kite shield
rNeg     + . .     Spirit   +   G - +0 plate armour of Fueghid {+Blink rN+ Int-5 Dex+3} (curse)
rPois    .         Reflect  .   e - +0 helmet
rElec    +         Harm     .   B - -2 cloak of Perpetual Drought {*Drain Str+5}
rCorr    .                      C - +0 pair of gloves of the Desert {rElec rC+} (curse)
MR       .....                  (no boots)
Stlth    ..........             (no amulet)
HPRegen  0.25/turn              z - +6 ring of strength
MPRegen  0.12/turn              x - ring of protection from fire

@: no status effects
A: talons 2, icy blue scales 3, magic shield, rot immunity
a: Heroism, Finesse, Renounce Religion, Evoke Blink


You were on level 1 of the Lair of Beasts.
You worshipped Okawaru.
Okawaru was extremely pleased with you.
You visited 3 branches of the dungeon, and saw 13 of its levels.
You also visited: Ossuary.

You collected 493 gold pieces.
You spent 34 gold pieces at shops.

Inventory:

Hand Weapons
 a - a +0 long sword
 H - a +2 scimitar of distortion (weapon)
Missiles
 s - 2 throwing nets (quivered)
 y - 4 javelins
Armour
 c - a +0 kite shield (worn)
 e - a +0 helmet (worn)
 B - the -2 cloak of Perpetual Drought (worn) {*Drain Str+5}
   (You found it on level 6 of the Dungeon)

   It affects your strength (+5).
   It causes draining when unequipped.
 C - the cursed +0 pair of gloves of the Desert (worn) {rElec rC+}
   (You found it on level 6 of the Dungeon)

   It protects you from cold.
   It insulates you from electricity.
   It has a curse placed upon it.
 G - the cursed +0 plate armour of Fueghid (worn) {+Blink rN+ Int-5 Dex+3}
   (You took it off an orc priest on level 7 of the Dungeon)

   It affects your intelligence (-5).
   It affects your dexterity (+3).
   It protects you from negative energy.
   It lets you blink.
   It has a curse placed upon it.
Jewellery
 t - an uncursed ring of flight
 x - a ring of protection from fire (right hand)
 z - a +6 ring of strength (left hand)
 L - an uncursed amulet of magic regeneration {unknown}
 N - an uncursed ring of ice {unknown}
Wands
 b - a wand of iceblast (4)
 v - a wand of acid (7)
 A - a wand of polymorph (8)
 J - a wand of clouds (7)
 K - a wand of flame (19)
Scrolls
 j - 3 scrolls of enchant armour {unknown}
 k - a scroll of amnesia {unknown}
 m - 7 scrolls of remove curse
 n - 2 scrolls of enchant weapon {unknown}
 o - 2 scrolls of noise {unknown}
 p - 6 scrolls of teleportation
 q - 2 scrolls of blinking {unknown}
 u - 2 scrolls of magic mapping
 D - 4 scrolls of identify
 F - 2 scrolls of immolation {unknown}
 M - a scroll of fear
Potions
 d - 2 potions of might
 f - 3 potions of brilliance
 g - 2 potions of resistance
 h - 7 potions of lignification
 i - 2 potions of degeneration
 l - 3 potions of stabbing
 r - a potion of ambrosia {unknown}
 w - 2 potions of curing {unknown}
 E - 3 potions of haste {unknown}
 I - 3 potions of heal wounds


   Skills:
 + Level 10.0 Fighting
 + Level 9.0 Long Blades
 + Level 9.2 Armour
 + Level 9.2 Shields


You had 10 spell levels left.
You didn't know any spells.
Your spell library contained the following spells:

 Spells                   Type           Power        Failure   Level
 Beastly Appendage        Tmut           #.....       100%        1
 Corona                   Hex            #......      100%        1
 Magic Dart               Conj           #...         100%        1
 Blink                    Tloc           N/A          100%        2
 Call Imp                 Summ           #.......     100%        2
 Slow                     Hex            #.......     100%        2
 Sticks to Snakes         Tmut           #.......     100%        2
 Confusing Touch          Hex            #.......     100%        3
 Conjure Flame            Conj/Fire      #.......     100%        3
 Gell's Gravitas          Tloc           #.........   100%        3
 Inner Flame              Hex/Fire       #.......     100%        3
 Mephitic Cloud           Conj/Pois/Air  #.......     100%        3
 Portal Projectile        Hex/Tloc       #.....       100%        3
 Spider Form              Tmut/Pois      #.........   100%        3
 Cause Fear               Hex            #.........   100%        4
 Ice Form                 Ice/Tmut       #.......     100%        4
 Leda's Liquefaction      Hex/Erth       #.........   100%        4
 Petrify                  Tmut/Erth      #.......     100%        4
 Blade Hands              Tmut           #.........   100%        5
 Metabolic Englaciation   Hex/Ice        #.........   100%        5
 Yara's Violent Unravell  Hex/Tmut       #.........   100%        5


Dungeon Overview and Level Annotations

Branches:
Dungeon (11/15)            Temple (1/1) D:6            Lair (1/6) D:10
    Orc (0/2) D:11        Ossuary (visited)

Altars:
Ashenzari
Cheibriados
Dithmenos
Elyvilon
Fedhas
Gozag
Hepliaklqana
Kikubaaqudgha
Makhleb
Nemelex Xobeh
Okawaru
Qazlal
Ru
Sif Muna
Trog
Uskayaw
Vehumet
Wu Jian
Xom
Yredelemnul
Zin
The Shining One

Shops:
D:4 *   D:11 ([

Annotations:
D:11 3 runed translucent doors, voshxx's ghost, novice TeSu


Innate Abilities, Weirdness & Mutations

You have razor-sharp toenails.
You are completely covered in icy blue scales. (AC +4, rC+)
When hurt, damage is shared between your health and your magic reserves.
You are immune to rotting.


Message History

The water moccasin is severely wounded.
The water moccasin bites you but does no damage.
You block the porcupine's attack.
The water moccasin bites you but does no damage.
You closely miss the water moccasin. Your kick misses the water moccasin.
The water moccasin is severely wounded.
The porcupine bites you but does no damage.
The water moccasin misses you. You block the porcupine's attack.
You slash the water moccasin!
You kill the water moccasin!
Okawaru accepts your kill.
Your Long Blades skill increases to level 9!
The porcupine bites you!
* * * LOW HITPOINT WARNING * * *
Your shield and plate armour of Fueghid prevent you from hitting the porcupine.
You claw the porcupine.
The porcupine is moderately wounded.
The porcupine bites you but does no damage.
You are struck by the porcupine's spines.
You die...

##### ...# #...
#..# #
≈≈≈###†.###...#
≈≈≈≈...@r.....#
≈≈≈≈##..###....
≈ #..# . ...#
≈#... ≈≈##.. ≈≈
#.# ≈≈≈ ...


You could see a porcupine.

Vanquished Creatures
  An unseen horror (D:11)
  An ugly thing (D:11)
  Maggie (D:7)
  A troll (D:11)
  A hornet (D:11)
  4 hippogriffs
  A wraith (D:11)
  A vampire (D:11)
  A wyvern (D:10)
  8 yaks (D:11)
  2 humans (D:7)
  Edmund (D:5)
  Duvessa (D:4)
  A water moccasin (Lair:1)
  A porcupine (D:10)
  4 ice beasts
  A hornet zombie (D:10)
  7 orc warriors
  8 sky beasts
  2 black bears
  A phantom (D:5)
  4 ogres
  A crocodile (D:10)
  A centaur (D:8)
  2 big kobolds
  8 bullfrogs
  Dowan (D:4)
  2 water moccasin zombies (Ossuary)
  A gnoll sergeant (D:11)
  9 scorpions
  4 wights
  8 killer bees (D:10)
  2 howler monkeys (D:8)
  A bullfrog zombie (D:9)
  A quasit (D:5)
  A jelly (D:11)
  A gnoll shaman (D:6)
  6 hounds
  5 orc priests
  2 bullfrog skeletons
  5 iguanas
  14 orc wizards
  7 worker ants
  A killer bee zombie (D:5)
  4 big kobold zombies (Ossuary)
  A hound zombie (D:8)
  2 mummies (Ossuary)
  Robin (D:2)
  21 gnolls
  13 adders
  3 shadow imps
  A white imp (D:7)
  An ufetubus (D:7)
  An ooze (D:6)
  2 adder skeletons
  7 adder zombies
  3 worms
  2 dart slugs
  11 leopard geckos
  36 orcs
  2 bats
  2 giant cockroaches
  2 gnoll zombies (Ossuary)
  18 goblins
  5 hobgoblins
  2 jackals (D:6)
  4 quokkas
  A ball python (D:3)
  5 frilled lizards
  8 hobgoblin zombies (Ossuary)
  20 kobolds
  2 kobold zombies (Ossuary)
  2 leopard gecko skeletons
  5 orc zombies (Ossuary)
  A quokka skeleton (D:7)
  A quokka zombie (D:5)
  6 rats
331 creatures vanquished.

Vanquished Creatures (others)
  An unseen horror (D:10)
  A hippogriff (D:9)
  A yak (D:11)
  An orc warrior (D:11)
  An ogre (D:11)
  A sky beast (D:8)
  A bullfrog (D:11)
  A wyvern zombie (D:11)
  A killer bee (D:10)
  A howler monkey (D:8)
  An orc (D:9)
  A fungus (D:10)
12 creatures vanquished.

Grand Total: 343 creatures vanquished

Notes
Turn   | Place    | Note
-------+----------+-------------------------------------------
     0 | D:1      | BritishOli the Demonspawn Fighter began the quest for the
                  | Orb.
     0 | D:1      | Reached XP level 1. HP: 18/18 MP: 1/1
   255 | D:1      | Gained mutation: You are partially covered in icy blue
                  | scales. (AC +2) [demonic ancestry]
   255 | D:1      | Reached XP level 2. HP: 14/24 MP: 2/2
   703 | D:2      | Gained mutation: You are mostly covered in icy blue scales.
                  | (AC +3) [demonic ancestry]
   703 | D:2      | Reached XP level 3. HP: 19/29 MP: 3/3
  1262 | D:2      | Noticed Robin
  1292 | D:2      | Killed Robin
  1299 | D:2      | Reached XP level 4. HP: 27/35 MP: 4/4
  1556 | D:2      | Found a shadowy altar of Dithmenos.
  1831 | D:2      | Found a shattered altar of Ashenzari.
  1831 | D:2      | Found an ornate altar of the Wu Jian Council.
  1895 | D:2      | Found a sacrificial altar of Ru.
  2064 | D:3      | You fall into a shaft and drop 2 floors!
  2064 | D:5      | Entered Level 5 of the Dungeon
  2080 | D:5      | Gained mutation: You are completely covered in icy blue
                  | scales. (AC +4, rC+) [demonic ancestry]
  2080 | D:5      | Reached XP level 5. HP: 42/42 MP: 5/5
  2116 | D:5      | Noticed an ogre
  2182 | D:5      | Found a sand-covered staircase.
  2187 | Ossuary  | Entered an ossuary
  2544 | Ossuary  | Reached skill level 4 in Fighting
  2718 | Ossuary  | Gained mutation: You have sharp toenails. [demonic
                  | ancestry]
  2718 | Ossuary  | Reached XP level 6. HP: 41/48 MP: 6/6
  3290 | D:5      | Found an opulent altar of Gozag.
  3372 | D:4      | Noticed Duvessa
  3372 | D:4      | Noticed Dowan
  3444 | D:5      | Gained mutation: When hurt, damage is shared between your
                  | health and your magic reserves. [demonic ancestry]
  3444 | D:5      | Reached XP level 7. HP: 51/55 MP: 7/7
  3764 | D:5      | Reached skill level 5 in Fighting
  4747 | D:5      | Found a glowing golden altar of the Shining One.
  4747 | D:5      | Found a white marble altar of Elyvilon.
  4748 | D:5      | Found a glowing silver altar of Zin.
  4825 | D:5      | Noticed Edmund
  4839 | D:5      | Killed Edmund
  4839 | D:5      | Reached skill level 5 in Armour
  4839 | D:5      | Reached skill level 5 in Shields
  4839 | D:5      | Reached XP level 8. HP: 39/63 MP: 4/8
  5497 | D:4      | Reached skill level 6 in Fighting
  5497 | D:4      | Reached skill level 5 in Long Blades
  5554 | D:4      | Killed Duvessa
  5563 | D:4      | Killed Dowan
  5909 | D:4      | Found Widut's Assorted Antiques.
  5913 | D:4      | Bought a scroll of identify for 34 gold pieces
  6997 | D:6      | Reached XP level 9. HP: 46/71 MP: 6/9
  7704 | D:6      | Got a fading cloak
  7710 | D:6      | Identified the cursed -2 cloak of Perpetual Drought {*Drain
                  | Str+5} (You found it on level 6 of the Dungeon)
  7876 | D:6      | Found a staircase to the Ecumenical Temple.
  7886 | D:6      | Got a pair of masterwork gloves
  7892 | D:6      | Identified the cursed +0 pair of gloves of the Desert
                  | {rElec rC+} (You found it on level 6 of the Dungeon)
  7901 | Temple   | Entered the Ecumenical Temple
  8158 | D:7      | Reached skill level 7 in Fighting
  8189 | D:7      | Found an iron altar of Okawaru.
  8202 | D:7      | Became a worshipper of Warmaster Okawaru
  8480 | D:7      | Reached * piety under Okawaru
  8519 | D:7      | Identified the cursed +0 plate armour of Fueghid {+Blink
                  | rN+ Int-5 Dex+3}
  8791 | D:7      | Found a stormy altar of Qazlal.
  8864 | D:7      | Noticed Maggie
  8887 | D:7      | Killed Maggie
  8887 | D:7      | Gained mutation: You are immune to rotting. [demonic
                  | ancestry]
  8887 | D:7      | Reached XP level 10. HP: 38/80 MP: 4/10
  9403 | D:8      | Found an iron altar of Okawaru.
  9404 | D:8      | Found an ancient bone altar of Kikubaaqudgha.
  9404 | D:8      | Found a sacrificial altar of Ru.
  9404 | D:8      | Found a radiant altar of Vehumet.
  9641 | D:8      | Reached skill level 8 in Fighting
  9642 | D:8      | Found a hide-covered altar of Uskayaw.
 10271 | D:9      | Reached ** piety under Okawaru
 10587 | D:9      | You fall into a shaft and drop 2 floors!
 10599 | D:11     | Noticed a green ugly thing
 10603 | D:11     | Killed a green ugly thing
 10622 | D:11     | Killed an unseen horror
 10736 | D:11     | Reached *** piety under Okawaru
 10803 | D:11     | Found a runed translucent gate.
 10803 | D:11     | Found a runed translucent gate.
 10803 | D:11     | Noticed a cyclops
 10804 | D:11     | Noticed voshxx's ghost (novice TeSu)
 10804 | D:11     | Noticed a deep elf mage
 10805 | D:11     | Found a runed translucent gate.
 10826 | D:11     | Reached skill level 9 in Fighting
 11232 | D:11     | Found Mefem's Weapon Shop.
 11234 | D:11     | Found a staircase to the Orcish Mines.
 11238 | D:11     | Found Bysull's Armour Shop.
 11249 | D:11     | Gained mutation: You have razor-sharp toenails. [demonic
                  | ancestry]
 11249 | D:11     | Reached XP level 11. HP: 61/89 MP: 7/11
 11694 | D:11     | Noticed an ogre mage
 11701 | D:11     | Banished an ogre mage
 11709 | D:11     | Reached **** piety under Okawaru
 12032 | D:11     | Paralysed by a hornet for 2 turns
 12380 | D:10     | Entered Level 10 of the Dungeon
 12808 | D:10     | Banished an unseen horror
 13039 | D:10     | Found a blossoming altar of Fedhas.
 13442 | D:10     | Reached skill level 10 in Fighting
 13450 | D:10     | Found a staircase to the Lair.
 13452 | D:10     | Reached ***** piety under Okawaru
 13582 | Lair:1   | Entered Level 1 of the Lair of Beasts
 13587 | Lair:1   | HP: 4/90 [porcupine (6)]
 13589 | Lair:1   | Impaled on a porcupine's spines

Illustrated notes

Levels and vault maps discovered:
D:1:      dpeg_arrival_court, layout_rooms, hangedman_decor_riveting
D:2:      layout_loops_cross, nicolae_dithmenos_through_a_glass_darkly,
          gammafunk_temple_overflow_pools, grunt_ministairs_2,
          nicolae_ru_the_path_less_chosen, uniq_robin
D:3:      layout_basic
D:4:      layout_loops_ring, serial_shops, shop, uniq_duvessa
D:5:      layout_loops_corners, good_gods_temple_1,
          nicolae_gozag_cash_rules_everything_around_me, enter_ossuary_5,
          uniq_edmund
D:6:      layout_cave_pools, temple_hall
D:7:      layout_loops_ring, grunt_qazlal_clouds, okawaru_humans, uniq_maggie
D:8:      layout_basic, eat_drink_and_be_merry_uskayaw,
          chequers_temple_overflow_statue_of_worship, minivault_27
D:9:      layout_roguey, minivault_25_ag
D:10:     layout_stronghold, grunt_lair_entry_orc_guard_hut, fedhas_altar_4
D:11:     layout_stronghold, orc_david_3, gammafunk_ghost_split,
          minmay_fractal_squares_gapless_7
Temple:   grunt_temple_mini_profane
Lair:1:   wander_river, layout_loops_ring

Skill      XL: |  1  2  3  4  5  6  7  8  9 10 11 |
---------------+----------------------------------+-----
Long Blades    | 2 3 4 5 6 8 9 |  9.0
Shields        | 3 4 5 6 7 8 9 |  9.2
Armour         | 3 4 5 6 7 8 9 |  9.2
Fighting       | 4 5 6 7 9 10 | 10.0

Action                   |  1- 3 |  4- 6 |  7- 9 | 10-12 || total
-------------------------+-------+-------+-------+-------++-------
Melee: Long sword        |   140 |   305 |   589 |       ||  1034
       Kick              |       |    40 |   210 |   124 ||   374
       Scimitar          |       |       |       |   317 ||   317
Evoke: Wand              |       |       |     2 |     1 ||     3
  Use: Scroll            |       |     5 |     5 |       ||    10
       Potion            |       |       |     1 |       ||     1
Armor: Scale mail        |    75 |   143 |   316 |       ||   534
       Plate armour      |       |       |    20 |   235 ||   255
Dodge: Dodged            |    54 |    90 |   213 |    60 ||   417
Block: Kite shield       |    75 |   146 |   388 |   220 ||   829
       Rpst.: Long sword |    20 |    24 |    64 |       ||   108
       Scimitar          |       |       |       |    15 ||    15

Table legend:
 A = Non-vault XP
 B = Vault XP
 C = Vault XP percentage of total XP
 D = Non-vault monster count
 E = Vault monster count
 F = Vault count percentage of total count
                 A         B        C        D         E       F
            +---------+---------+-------+---------+---------+-------
      Total |   14126 |    4267 |  23.2 |     269 |      73 |  21.3
            +---------+---------+-------+---------+---------+-------
        D:1 |      17 |       0 |   0.0 |      12 |       0 |   0.0
        D:2 |      87 |      52 |  37.4 |      26 |      15 |  36.6
        D:3 |      77 |       0 |   0.0 |      15 |       0 |   0.0
        D:4 |     436 |     227 |  34.2 |      25 |       2 |   7.4
        D:5 |    1176 |     166 |  12.4 |      38 |       1 |   2.6
        D:6 |     821 |       0 |   0.0 |      25 |       0 |   0.0
        D:7 |    1422 |     769 |  35.1 |      24 |       3 |  11.1
        D:8 |    1213 |       0 |   0.0 |      23 |       0 |   0.0
        D:9 |     868 |      39 |   4.3 |       8 |       2 |  20.0
       D:10 |    2616 |     647 |  19.8 |      32 |       6 |  15.8
       D:11 |    5251 |    2017 |  27.8 |      40 |      13 |  24.5
     Lair:1 |     142 |       0 |   0.0 |       1 |       0 |   0.0
    Ossuary |       0 |     350 | 100.0 |       0 |      31 | 100.0
            +---------+---------+-------+---------+---------+-------
